 Dungeon Crawl Stone Soup version 0.32-a0-612-g1c984fe9d1 (webtiles) character file.

Game seed: 13022862114184307189

2240 hikkokomori the Shooter (level 9, -4/63 (68) HPs)
             Began as a Coglin Hexslinger on Mar 4, 2024.
             Was a Believer of Okawaru.
             Killed by an exploding Joseph (32 damage)
             ... ignited by their inner flame
             ... on level 7 of the Dungeon.
             The game lasted 00:17:14 (5121 turns).

hikkokomori the Shooter (Coglin Hexslinger)         Turns: 5121, Time: 00:17:14

HP:   -4/63 (68)    AC:  7    Str:  6 (8)  XL:     9   Next: 36%
MP:   0/13          EV: 12    Int: 13 (14) God:    Okawaru [**....]
Gold: 80            SH:  0    Dex: 19 (20) Spells: 5/14 levels left

rFire   . . .        a - +1 sling {Therese}
rCold   . . .        p - +4 sling (flame) {Byeongho}
rNeg    . . .        n - +1 animal skin
rPois   .            o - +2 helmet {SInv}
rElec   .            A - scarf {repulsion}
rCorr   .            u - +0 pair of gloves
SInv    +            (no boots)
Will    .....        (amulet unavailable)
Stlth   ++           (ring unavailable)
HPRegen 0.30/turn    (ring unavailable)
MPRegen 0.13/turn    (no gizmo)

%: repel missiles
@: attractive, very slightly contaminated, drained, invisible, revving
A: off-hand wielding, slow wielding, warmup strikes, no jewellery
a: Invent Gizmo, Renounce Religion, Heroism


You were on level 7 of the Dungeon.
You worshipped Okawaru.
Okawaru was pleased with you.
You visited 2 branches of the dungeon, and saw 8 of its levels.

You collected 449 gold pieces.
You spent 369 gold pieces at shops.

Inventory:

Hand Weapons
 a - a +1 sling (weapon) {Therese}
 d - a -2 sling {Paloma}
 p - a +4 sling of flaming (offhand) {Byeongho}
 q - the +5 long sword "Nuter" {elec, rPois Str-2 Stlth+}
   (You found it on level 3 of the Dungeon)

   Str-2:     It affects your strength (-2).
   rPois:     It protects you from poison.
   Stlth+:    It makes you more stealthy.
 x - a +3 rapier
Missiles
 y - 4 curare-tipped darts
Armour
 c - a +0 robe
 n - a +1 animal skin (worn)
 o - a +2 helmet of see invisible (worn)
 u - a +0 pair of gloves (worn)
 A - a scarf of repulsion (worn)
Wands
 v - a wand of iceblast (7)
Scrolls
 b - 4 scrolls of poison
 i - a scroll of revelation {unknown}
 k - 3 scrolls of enchant armour
 s - a scroll of blinking {unknown}
 w - a scroll of immolation
 B - 2 scrolls of fear
 C - a scroll of identify
Potions
 e - 2 potions of lignification
 f - a potion of degeneration
 j - 4 potions of curing
 l - 3 potions of invisibility
 m - 2 potions of attraction
 r - 3 potions of haste {unknown}
 t - a potion of berserk rage {unknown}
 z - a potion of enlightenment {unknown}


   Skills:
 + Level 5.2 Fighting
 + Level 5.3 Ranged Weapons
 - Level 1.7 Dodging
 - Level 2.0 Stealth
 - Level 3.0 Spellcasting
 - Level 5.0 Hexes
 + Level 2.4 Translocations
 - Level 4.0 Fire Magic
 + Level 3.7 Invocations


You had 5 spell levels left.
You knew the following spells:

 Your Spells              Type           Power      Damage    Failure   Level
a - Blink                 Tloc           16%        N/A       13%         2
b - Inner Flame           Hex/Fire       13%        N/A       11%         3
c - Cause Fear            Hex            7%         N/A       28%         4

Your spell library contained the following spells:

 Spells                   Type           Power      Damage    Failure   Level
 Jinxbite                 Hex            28%        N/A       4%          2
 Apportation              Tloc           16%        N/A       9%          1
 Confusing Touch          Hex            14%        N/A       9%          3
 Sigil of Binding         Hex            14%        N/A       9%          3
 Lesser Beckoning         Tloc           16%        N/A       13%         2
 Kiss of Death            Conj/Necr      4%         2d5       22%         1
 Necrotise                Necr           4%         1d4       22%         1
 Sting                    Conj/Alch      4%         1d3       22%         1
 Momentum Strike          Conj/Tloc      10%        3d8       22%         2
 Dimensional Bullseye     Hex/Tloc       5%         N/A       45%         4
 Flame Wave               Conj/Fire      7%         2d5       69%         4
 Sticky Flame             Fire/Alch      7%         2d4       69%         4
 Dispel Undead            Necr           1%         3d6       92%         4
 Summon Small Mammal      Summ           Unusable   N/A       N/A         1
 Call Canine Familiar     Summ           Unusable   N/A       N/A         3

Dungeon Overview and Level Annotations

Branches:
Dungeon (7/15)             Temple (1/1) D:6

Altars:
Ashenzari
Cheibriados
Dithmenos
Elyvilon
Gozag
Hepliaklqana
Kikubaaqudgha
Okawaru
Qazlal
Ru
Sif Muna
Uskayaw
Vehumet
Wu Jian
Yredelemnul
Zin
The Shining One

Shops:
D:3 ?*(![   D:5 (

Annotations:
D:2 exclusion: downstairs


Innate Abilities, Weirdness & Mutations

You can wield a second weapon in your off-hand.
It takes a long time for you to wield or remove held weapons.
Your first few attacks do less damage.
You cannot equip rings or amulets.


Message History

The sling bullet hits Joseph but does no damage.
Joseph is moderately wounded.
The wight is engulfed in blazing flames.
Joseph is engulfed in blazing flames.
Flame seeps out of Joseph.
Joseph unwields a +0 sling.
Joseph wields a +0 quarterstaff.
Joseph hits you with a +0 quarterstaff!
* * * LOW HITPOINT WARNING * * *
The wight is engulfed in blazing flames.
You destroy the wight!
Okawaru accepts your kill.
Unknown command.
You feel much better.
Joseph is engulfed in blazing flames.
Flame seeps out of Joseph.
Joseph closely misses you.
You shoot a sling bullet. The sling bullet hits Joseph.
Flame seeps out of Joseph.
The sling bullet burns Joseph.
Flame seeps out of Joseph.
Joseph is severely wounded.
You shoot a sling bullet.
The sling bullet hits Joseph but does no damage.
Joseph is severely wounded.
Joseph is engulfed in blazing flames.
Flame seeps out of Joseph.
Joseph misses you.
Unknown command.
Unknown command.
You shoot a sling bullet. The sling bullet hits Joseph.
Flame seeps out of Joseph.
The sling bullet burns Joseph.
Flame seeps out of Joseph.
Joseph is almost dead.
You shoot a sling bullet. The sling bullet hits Joseph.
Flame seeps out of Joseph.
Joseph is almost dead.
Joseph is engulfed in blazing flames.
Okawaru is honoured by your kill.
Joseph explodes!
The fiery explosion engulfs the wight!!
You destroy the wight!
Okawaru accepts your kill. The fiery explosion engulfs you!!
Ouch! That really hurt!
You die...

#.#.# #.#.# #..# #.
#.#.# .... .. # ..#.#
#..##. /# #># .##....
$.# ###.# .....#..
....# #....
#########.##########.#
.....zz@.....)§○@....#
#########.##.###§#####
..........#
........#####
#.........#
#.........#
#.........#
#.........#


There were no monsters in sight!

Vanquished Creatures
  Joseph (D:7)
  Sigmund (D:3)
  Menkaure (D:7)
  A water moccasin (D:6)
  Duvessa (D:7)
  A black bear (D:6)
  An ogre (D:5)
  2 ice beasts (D:7)
  A phantom (D:5)
  A bullfrog (D:6)
  A gnoll sergeant (D:7)
  7 wights
  Dowan (D:7)
  2 howler monkeys
  3 jellies
  3 orc priests
  2 hounds (D:5)
  Jessica (D:3)
  A gnoll bouda (D:5)
  4 iguanas
  4 orc wizards
  2 human simulacra (D:7)
  Robin (D:2)
  7 gnolls
  5 adders
  2 shadow imps
  A white imp (D:7)
  2 ufetubi (D:5)
  A dart slug (D:1)
  2 ribbon worms (D:3)
  20 orcs
  11 ball pythons
  7 bats
  7 endoplasms
  3 giant cockroaches
  6 hobgoblins
  4 jackals (D:1)
  12 kobolds
  2 quokkas
  3 frilled lizards
  16 goblins
  5 rats
159 creatures vanquished.

Vanquished Creatures (others)
  A black bear (D:7)
1 creature vanquished.

Grand Total: 160 creatures vanquished

Notes
Turn   | Place    | Note
-------+----------+-------------------------------------------
     0 | D:1      | hikkokomori the Coglin Hexslinger began the quest for the
                  | Orb.
     0 | D:1      | Reached XP level 1. HP: 15/15 MP: 2/2
    75 | D:1      | Reached skill level 1 in Fire Magic
   106 | D:1      | Reached XP level 2. HP: 21/21 MP: 3/3
   325 | D:1      | Found a faded altar of an unknown god.
   340 | D:1      | Reached XP level 3. HP: 27/27 MP: 4/4
   980 | D:2      | Reached XP level 4. HP: 34/34 MP: 5/5
  1106 | D:3      | Noticed Sigmund
  1245 | D:3      | Noticed Robin
  1415 | D:2      | Killed Robin
  1525 | D:3      | Found Obee's Antique Armour Emporium.
  1544 | D:3      | Identified the +5 long sword "Nuter" {elec, rPois Str-2
                  | Stlth+}
  1579 | D:3      | Found Jotutett's Distillery.
  1589 | D:3      | Bought a potion of curing for 33 gold pieces
  1599 | D:3      | Reached XP level 5. HP: 31/41 MP: 6/6
  1781 | D:3      | Found Giedoin's Weapon Emporium.
  1809 | D:3      | Found Jifou's General Store.
  1817 | D:3      | Killed Sigmund
  1818 | D:3      | Reached XP level 6. HP: 36/49 MP: 7/7
  1912 | D:3      | Noticed Jessica
  1916 | D:3      | Killed Jessica
  1917 | D:3      | Found Haenak's Magic Scroll Boutique.
  1930 | D:3      | Bought a scroll of identify for 24 gold pieces
  2039 | D:3      | Found a shadowy altar of Dithmenos.
  2045 | D:3      | Learned a level 2 spell: Blink
  2049 | D:3      | Learned a level 3 spell: Inner Flame
  2051 | D:3      | Found a radiant altar of Vehumet.
  2246 | D:4      | Reached XP level 7. HP: 55/55 MP: 8/8
  2503 | D:4      | Found a hazy altar of Hepliaklqana.
  2641 | D:5      | Entered Level 5 of the Dungeon
  2663 | D:5      | Found Vicwoud's Weapon Emporium.
  2734 | D:5      | Reached skill level 1 in Translocations
  2922 | D:5      | Found a white marble altar of Elyvilon.
  3150 | D:5      | Reached skill level 5 in Fighting
  3194 | D:5      | Found a hide-covered altar of Uskayaw.
  3208 | D:5      | Reached skill level 5 in Ranged Weapons
  3422 | D:6      | Found a staircase to the Ecumenical Temple.
  3509 | D:6      | Reached XP level 8. HP: 45/62 MP: 11/11
  3573 | Temple   | Entered the Ecumenical Temple
  3579 | Temple   | Learned a level 4 spell: Cause Fear
  3611 | Temple   | Became a worshipper of Warmaster Okawaru
  3637 | D:6      | Found a shimmering blue altar of Sif Muna.
  3773 | D:6      | Reached skill level 1 in Stealth
  4420 | D:3      | Bought a scarf of repulsion for 144 gold pieces
  4458 | D:3      | Bought 2 scrolls of fear for 96 gold pieces
  4458 | D:3      | Bought a scroll of identify for 24 gold pieces
  4458 | D:3      | Bought a scroll of poison for 48 gold pieces
  4536 | D:7      | Noticed Menkaure
  4538 | D:7      | Killed Menkaure
  4538 | D:7      | Reached * piety under Okawaru
  4539 | D:7      | Reached skill level 1 in Invocations
  4651 | D:7      | Reached skill level 5 in Hexes
  4651 | D:7      | Reached XP level 9. HP: 68/68 MP: 13/13
  4757 | D:7      | Found a broken altar of Ashenzari.
  4800 | D:7      | Noticed Dowan
  4808 | D:7      | Killed Dowan
  4808 | D:7      | Noticed Duvessa
  4814 | D:7      | Killed Duvessa
  5087 | D:7      | Noticed Joseph
  5101 | D:7      | HP: 3/64 [wight/+4 spear (5)]
  5111 | D:7      | Reached ** piety under Okawaru
  5118 | D:7      | HP: 2/62 [Joseph/+0 quarterstaff (16)]
  5121 | D:7      | Killed Joseph
  5121 | D:7      | Killed by an exploding Joseph... ignited by their inner
                  | flame

Illustrated notes

Levels and vault maps discovered:
D:1:      dpeg_arrival_castle, layout_rooms, dreamdust_ecumenical_altar_grove,
          st_stairs_4
D:2:      layout_loops_ring, hangedman_decor_peaks_small, serial_bayou_lagoon_a
D:3:      layout_basic, jmf_multi_god_temple2, serial_shops,
          nicolae_shop_bloodbath_and_beyond, shop, shop,
          nicolae_shop_temple_entry_statues_fountains,
          nicolae_shop_just_a_little_nook, uniq_robin, uniq_jessica,
          uniq_sigmund
D:4:      layout_cave_pools, nicolae_hepliaklqana_hippocampus, corner_web_ring
D:5:      layout_rooms, mainiacjoe_overflow_surrounded_room,
          kennysheep_mini_moat, nicolae_stop_n_shop_2
D:6:      layout_loops_ring, amcnicky_altar_gilded, temple_pool_b
D:7:      layout_basic, nicolae_overflow_hidden_temple, serial_shops,
          nicolae_shop_back_alley_shop, bh_circular_ruins, uniq_duvessa,
          uniq_menkaure, uniq_joseph
Temple:   zaba_magenta_temple

Skill      XL: |  1  2  3  4  5  6  7  8  9 |
---------------+----------------------------+-----
Fire Magic     | 1 2 3 4 |  4.0
Ranged Weapons | 2 3 4 5 |  5.3
Hexes          | 3 5 |  5.0
Fighting       | 2 3 4 5 |  5.2
Translocations | 1 2 |  2.4
Spellcasting   | 2 3 |  3.0
Stealth        | 2 |  2.0
Invocations    | 2 3 |  3.7
Dodging        | |  1.7

Action                     |  1- 3 |  4- 6 |  7- 9 || total
---------------------------+-------+-------+-------++-------
   Fire: Sling             |   166 |   224 |   408 ||   798
   Cast: Inner Flame       |       |       |     8 ||     8
         Blink             |       |       |     4 ||     4
    Use: Scroll            |       |     6 |     6 ||    12
         Potion            |       |       |     7 ||     7
 Armour: Robe              |     3 |    30 |       ||    33
         Animal skin       |       |    13 |    53 ||    66
  Dodge: Dodged            |     2 |    27 |    44 ||    73
         Repelled          |       |       |     3 ||     3

Table legend: (Time is in decaauts)
 A = Elapsed time spent in this place.
 B = Non-inter-level travel time spent in this place.
 C = Inter-level travel time spent in this place.
 D = Time resting spent in this place.
 E = Time spent auto-exploring this place.
 F = Levels seen in this place.
 G = Mean time per level.
                   A        B        C        D        E       F      G
               +--------+--------+--------+--------+--------+-----+--------+
         Total |   5221 |   4871 |    350 |    563 |   3296 |   8 |  652.6 |
       Dungeon |   5164 |   4826 |    338 |    563 |   3283 |   7 |  737.7 |
        Temple |     56 |     44 |     12 |      0 |     13 |   1 |   56.0 |
               +--------+--------+--------+--------+--------+-----+--------+

Top non-repeatable levels by time:
     D:2: 975 daAuts
     D:6: 940 daAuts
     D:5: 779 daAuts
     D:3: 771 daAuts
     D:7: 623 daAuts
     D:4: 539 daAuts
     D:1: 534 daAuts
  Temple: 56 daAuts
